 Dungeon Crawl Stone Soup version 0.17-a0-1711-gc5340a3 (webtiles) character file.

1334 esc the Ruffian (level 8, 0/63 HPs)
             Began as a Demonspawn Gladiator on Aug 22, 2015.
             Slain by a wyvern (10 damage)
             ... on level 5 of the Dungeon.
             The game lasted 00:17:07 (5623 turns).

esc the Ruffian (Demonspawn Gladiator)              Turns: 5623, Time: 00:17:08

Health: 0/63       AC: 11    Str: 16    XL:     8   Next: 34%
Magic:  8/8        EV: 14    Int: 10    God:
Gold:   359        SH:  0    Dex: 14    Spells: 0 memorised, 7 levels left

rFire  . . .     SeeInvis .       - Unarmed
rCold  + . .     Clarity  .     b - +0 leather armour
rNeg   . . .     SustAt   .     (no shield)
rPois  .         Gourm    .     c - +1 helmet
rElec  .         Spirit   .     t - +0 cloak
rCorr  .         Warding  .     (no gloves)
rMut   .         Stasis   .     j - +0 pair of boots
MR     .....                    (no amulet)
Stlth  ..........               f - ring of loudness (curse) {Stlth-}
                                y - ring of flight {+Fly, !d}

@: drained, not resistant to hostile enchantments, extremely unstealthy
A: claws 2, rough black scales 1, cold resistance 1
a: Evoke Flight


You were on level 5 of the Dungeon.
You were not hungry.

You visited 1 branch of the dungeon, and saw 6 of its levels.

You collected 359 gold pieces.

Inventory:

Hand weapons
 p - the +9 hunting sling of Futuf {freeze, Str+5 Int-5 SInv}
   (You found it on level 4 of the Dungeon)

   It causes projectiles fired from it to freeze those they strike, causing
   extra injury to most foes and up to half again as much damage against
   particularly susceptible opponents.
   They can also slow down cold-blooded creatures.
   It affects your strength (+5).
   It affects your intelligence (-5).
   It lets you see invisible.
 v - a +0 war axe of venom
   (You took it off an orc on level 3 of the Dungeon)
Missiles
 d - 3 throwing nets {=f, !d}
 g - 24 sling bullets
 i - 34 poisoned needles
 q - 6 tomahawks (quivered)
Armour
 b - a +0 leather armour (worn)
 c - a +1 helmet (worn)
 j - a +0 pair of boots (worn)
   (You found it on level 1 of the Dungeon)
 t - a +0 cloak (worn)
   (You found it on level 3 of the Dungeon)
Jewellery
 f - a cursed ring of loudness (right claw) {Stlth-}
   (You found it on level 5 of the Dungeon)
 y - a ring of flight (left claw) {+Fly, !d}
   (You took it off a goblin on level 4 of the Dungeon)
Scrolls
 o - 2 scrolls of teleportation
 r - 7 scrolls of identify
 w - a scroll of enchant armour
Potions
 l - 2 potions of ambrosia {!q}
 s - a potion of curing
Comestibles
 a - 2 chunks of flesh {@w0}
 e - 6 bread rations {@e1}
 k - 6 fruits
 n - 2 meat rations {@e2}


   Skills:
 - Level 5.4 Fighting
 - Level 2.9 Axes
 - Level 1.7 Throwing
 - Level 5.4 Dodging
 + Level 6.2 Unarmed Combat


You had 7 spell levels left.
You didn't know any spells.

Dungeon Overview and Level Annotations

Branches:
Dungeon (6/15)
 Temple: D:4-7

Altars:
Fedhas
Nemelex Xobeh
Zin
The Shining One

Shops:
D:5 %

Annotations:
D:5 karlkraus's ghost, average MiFi
D:6 Prince Ribbit; kae's ghost, experienced TeFE


Innate Abilities, Weirdness & Mutations

You have very sharp fingernails.
You are partially covered in rough black scales (AC +4, Dex -1).
Your flesh is cold resistant.


Message History

You kill the quokka!
No target in view!
No target in view!
No target in view!
No target in view!
No target in view!
No target in view!
No target in view!
A worker ant, a gnoll, a shadow imp and a zombie come into view.
The gnoll shouts!
The worker ant twitches its antennae in your direction.
The shadow imp shouts, "Return whence thou came, thou rough-hewn toad-spotted toady!"
The shadow imp moves out of view.
The adder zombie barely misses you.
You claw the adder zombie!
The adder zombie bites you but does no damage.
The shadow imp shouts, "Scamper home, thou mammering nose-picking barnacle!"
The adder zombie closely misses you.
The worker ant waves its antennae.
You closely miss the adder zombie. The adder zombie barely misses you.
You closely miss the adder zombie. The adder zombie completely misses you.
You scratch the adder zombie. The worker ant misses you.
The adder zombie bites you. The gnoll hits you but does no damage.
You take 4 damage, and have 46/63 hp.
You closely miss the adder zombie.
The worker ant bites you but does no damage.
The adder zombie barely misses you.
You barely miss the adder zombie.
The worker ant bites you but does no damage.
The adder zombie bites you. The gnoll hits you but does no damage.
You claw the adder zombie!
You destroy the adder zombie!
The worker ant completely misses you. The gnoll misses you.
The worker ant misses you.
The worker ant bites you but does no damage.
The gnoll closely misses you.
You barely miss the worker ant.
The shadow imp shouts, "Beg for mercy, thou bawdy two-tin-hat prigger-of-prances!"
The worker ant bites you!
You are poisoned.
The worker ant poisons you!
You take 7 damage, and have 39/63 hp.
You scratch the gnoll.
You feel sick. The gnoll hits you with a halberd.
The shadow imp shouts, "Take thy face hence, thou rough-hewn swag-bellied prigger-of-prances!"
The shadow imp closely misses you. The worker ant barely misses you.
You take 4 damage, and have 35/63 hp.
You claw the gnoll!
You kill the gnoll!
You feel sick. The worker ant bites you.
You are more poisoned.
The worker ant poisons you! The shadow imp barely misses you.
You take 1 damage, and have 34/63 hp.
You feel sick. The worker ant completely misses you.
You take 1 damage, and have 33/63 hp.
You feel sick.
You take 1 damage, and have 32/63 hp.
You completely miss the worker ant.
You feel sick. The worker ant completely misses you.
You take 1 damage, and have 31/63 hp.
You scratch the worker ant.
You feel sick. The worker ant completely misses you.
You take 1 damage, and have 30/63 hp.
You claw the worker ant!
The worker ant bites you but does no damage.
You scratch the worker ant.
You kill the worker ant!
You feel sick.
You scratch the shadow imp.
You feel sick. The shadow imp barely misses you.
You take 1 damage, and have 29/63 hp.
You claw the shadow imp!
You kill the shadow imp!
You swing at nothing.
You feel sick.
You take 1 damage, and have 28/63 hp.
You start resting.
You feel sick.
You feel sick. x8
You are no longer poisoned.
You take 4 damage, and have 24/63 hp.
You start resting.
A wyvern comes into view.
You regained 14 hp, and now have 38/63 hp.
A wyvern is nearby!
The wyvern bites you but does no damage.
You scratch the wyvern. The wyvern bites you!! The wyvern bites you.
* * * LOW HITPOINT WARNING * * *
You take 20 damage, and have 18/63 hp.
MASSIVE DAMAGE!!
Drink which item? (? for menu, Esc to quit)
You feel better. The wyvern misses you.
You regained 6 hp, and now have 24/63 hp.
You claw the wyvern! The wyvern bites you!
* * * LOW HITPOINT WARNING * * *
The wyvern bites you!
* * * LOW HITPOINT WARNING * * *
You take 23 damage, and have 1/63 hp.
MASSIVE DAMAGE!!
Drink which item? (? for menu, Esc to quit)
You feel better. The wyvern barely misses you. The wyvern closely misses you.
You regained 8 hp, and now have 9/63 hp.
The wyvern bites you!
You die...

♣♣.♣♣♣♣.♣♣♣♣ #
♣..♣♣...♣ # ♣♣....♣♣♣
# ♣♣♣.♣♣ ♣♣♣♣ # .♣♣
♣.♣♣♣ ♣...♣♣ # ....♣♣
♣♣..♣ ..?..♣ # ♣....♣
♣♣.♣ ♣♣♣.....♣ #
♣...♣♣♣♣ ♣♣.♣ ♣......♣
# ♣....♣♣♣♣@♣♣ ♣.♣ #
♣♣♣♣....l♣♣ ♣♣.♣ #
♣...♣♣♣♣ ♣♣♣.♣♣ #
♣♣♣♣♣♣♣♣♣♣..)♣♣
♣♣♣5.♣♣ ##
.)♣♣..........♣
♣♣♣..♣♣♣ ##.
♣....♣♣♣♣♣♣♣..♣♣♣.g♣♣♣
##.. ♣♣♣♣♣♣ ♣♣....♣♣♣
###... ♣♣♣♣♣♣
####..... #######
####....#...


You could see a wyvern.

Vanquished Creatures
  Sigmund (D:3)
  Menkaure (D:4)
  A sky beast (D:5)
  2 ogres (D:4)
  A phantom (D:4)
  A scorpion (D:4)
  2 crimson imps (D:5)
  A giant frog skeleton (D:4)
  2 orc wizards
  A centaur skeleton (D:5)
  An orc priest (D:4)
  2 hounds (D:4)
  3 worker ants
  Natasha (twice) (D:3)
  3 hound skeletons
  4 gnolls
  8 adders
  A shadow imp (D:5)
  An adder zombie (D:5)
  3 worms
  6 giant geckos
  13 orcs
  6 giant cockroaches
  8 hobgoblins
  12 jackals
  12 kobolds
  7 bats
  7 giant newts
  13 goblins
  A jackal skeleton (D:5)
  4 quokkas
  A quokka skeleton (D:4)
  8 rats
139 creatures vanquished.

Notes
Turn   | Place    | Note
--------------------------------------------------------------
     0 | D:1      | esc the Demonspawn Gladiator began the quest for the Orb.
     0 | D:1      | Reached XP level 1. HP: 16/16 MP: 1/1
   213 | D:1      | Gained mutation: You have sharp fingernails. [demonic ancestry]
   213 | D:1      | Reached XP level 2. HP: 22/22 MP: 2/2
   341 | D:1      | Reached skill level 3 in Dodging
   798 | D:2      | Found a sparkling altar of Nemelex Xobeh.
   817 | D:2      | Gained mutation: Your flesh is cold resistant. [demonic ancestry]
   817 | D:2      | Reached XP level 3. HP: 21/28 MP: 3/3
   824 | D:2      | Reached skill level 3 in Fighting
   989 | D:2      | Reached XP level 4. HP: 26/35 MP: 4/4
  1321 | D:2      | Found a blossoming altar of Fedhas.
  1693 | D:3      | Noticed Sigmund
  1704 | D:3      | Killed Sigmund
  1704 | D:3      | Reached skill level 4 in Fighting
  1704 | D:3      | Reached skill level 4 in Dodging
  1704 | D:3      | Reached XP level 5. HP: 31/43 MP: 5/5
  1810 | D:3      | Noticed Natasha
  1849 | D:3      | Killed Natasha
  1849 | D:3      | Reached XP level 6. HP: 46/49 MP: 6/6
  2245 | D:3      | Found a glowing golden altar of the Shining One.
  2397 | D:3      | Noticed Natasha
  2403 | D:3      | Killed Natasha
  2600 | D:4      | Reached skill level 5 in Fighting
  2600 | D:4      | Reached skill level 5 in Dodging
  2700 | D:4      | Gained mutation: You have very sharp fingernails. [demonic ancestry]
  2700 | D:4      | Reached XP level 7. HP: 39/56 MP: 7/7
  2811 | D:4      | Noticed Menkaure
  2827 | D:4      | Killed Menkaure
  2827 | D:4      | Reached skill level 2 in Unarmed Combat
  2937 | D:4      | Reached skill level 3 in Unarmed Combat
  3275 | D:4      | HP: 13/56 [orc/dagger (3)]
  3529 | D:4      | Reached skill level 4 in Unarmed Combat
  3764 | D:4      | Got a pitted hunting sling
  3767 | D:4      | Identified the +9 hunting sling of Futuf {freeze, Str+5 Int-5 SInv} (You found it on level 4 of the Dungeon)
  3814 | D:4      | Got a slimy chain mail
  4160 | D:5      | Entered Level 5 of the Dungeon
  4242 | D:5      | Identified the +1 chain mail of Wiamix {*Drain rElec rN+ Slay-4} (You found it on level 4 of the Dungeon)
  4361 | D:5      | Gained mutation: You are partially covered in rough black scales (AC +4, Dex -1). [demonic ancestry]
  4361 | D:5      | Reached XP level 8. HP: 52/63 MP: 8/8
  4476 | D:5      | Noticed karlkraus's ghost (average MiFi)
  4484 | D:5      | HP: 10/63 [karlkraus's ghost (12)]
  4489 | D:4      | HP: 7/63 [poison (a potion of poison)]
  4496 | D:4      | HP: 5/63 [poison (a potion of poison)]
  4503 | D:4      | HP: 4/63 [poison (a potion of poison)]
  4511 | D:4      | HP: 4/63 [poison (a potion of poison)]
  4813 | D:4      | Reached skill level 5 in Unarmed Combat
  4964 | D:6      | Noticed Prince Ribbit
  4981 | D:6      | Noticed kae's ghost (experienced TeFE)
  5212 | D:5      | Found Gaotri's Food Shoppe.
  5237 | D:5      | Found a glowing silver altar of Zin.
  5432 | D:5      | Reached skill level 6 in Unarmed Combat
  5616 | D:5      | Noticed a wyvern
  5619 | D:5      | HP: 14/63 [wyvern (10)]
  5619 | D:5      | HP: 1/63 [wyvern (13)]
  5623 | D:5      | Slain by a wyvern

Vault maps used:
D:1:      minmay_arrival_stair_chambers
D:2:      fedhas_altar_4, nemelex_xobeh_ov_fountains_minmay
D:3:      corexii_shack_village, tso_altar, nrook_mini_vaults, uniq_sigmund,
          uniq_natasha
D:4:      uniq_menkaure
D:5:      forest_paths, zin_academy, first_bread, serial_shops, shop
D:6:      makhleb_heckhound_becter, minmay_misc_feat_alley, uniq_pikel,
          uniq_prince_ribbit1

Action                   |  1- 3 |  4- 6 |  7- 9 || total
-------------------------+-------+-------+-------++-------
Melee: War axe           |   128 |   178 |       ||   306
       Unarmed           |       |       |   305 ||   305
 Fire: Hunting sling     |       |       |     1 ||     1
  Use: Scroll            |     1 |     8 |     5 ||    14
       Potion            |       |       |     7 ||     7
 Stab: Sleeping          |       |     2 |       ||     2
       Invisible         |       |       |     2 ||     2
  Eat: Chunk             |     1 |     5 |     4 ||    10
       Pizza             |       |       |     1 ||     1
       Beef jerky        |       |       |     1 ||     1
       Meat ration       |       |       |     1 ||     1

Vault maps used:
D:1:      minmay_arrival_stair_chambers
D:2:      fedhas_altar_4, nemelex_xobeh_ov_fountains_minmay
D:3:      corexii_shack_village, tso_altar, nrook_mini_vaults, uniq_sigmund,
          uniq_natasha
D:4:      uniq_menkaure
D:5:      forest_paths, zin_academy, first_bread, serial_shops, shop
D:6:      makhleb_heckhound_becter, minmay_misc_feat_alley, uniq_pikel,
          uniq_prince_ribbit1

Table legend:
 A = Turns spent in this place as a percentage of turns spent in the entire game.
 B = Non-inter-level travel turns spent in this place as a percentage of non-inter-level travel turns spent in the entire game.
 C = Inter-level travel turns spent in this place as a percentage of turns spent in this place.
 D = Turns resting spent in this place as a percentage of non-inter-level travel turns spent in this place.
 E = Turns spent auto-exploring this place as a percentage of non-inter-level travel turns spent in this place.
 F = Non-inter-level travel turns spent in this place divided by the number of levels of this place that you've seen.
                   A       B       C       D       E      F
               +-------+-------+-------+-------+-------+----------------------
         Total | 100.0 | 100.0 |   0.6 |   1.5 |   7.5 | 317.0
       Dungeon | 100.0 | 100.0 |   0.6 |   1.5 |   7.5 | 317.0
               +-------+-------+-------+-------+-------+----------------------

Table legend:
 A = Kills in this place as a percentage of kills in entire the game.
 B = Kills by you in this place as a percentage of kills by you in the entire game.
 C = Kills by friends in this place as a percentage of kills by friends in the entire game.
 D = Other kills in this place as a percentage of other kills in the entire game.
 E = Experience gained in this place as a percentage of experience gained in the entire game.
 F = Experience gained in this place divided by the number of levels of this place that you have seen.
                   A       B       C       D       E      F
               +-------+-------+-------+-------+-------+----------------------
         Total | 100.0 | 100.0 |  -nan |  -nan | 100.0 | 317.7
       Dungeon | 100.0 | 100.0 |  -nan |  -nan | 100.0 | 317.7
               +-------+-------+-------+-------+-------+----------------------
